 Dungeon Crawl Stone Soup version 0.29.1-15-g9cfb28693d (webtiles) character file.

Game seed: 4029255759962259580

3 billybob123456 the Grave Robber (level 1, 0/13 HPs)
             Began as a Demonspawn Necromancer on Mar 26, 2024.
             Killed from afar by a dart slug (2 damage)
             ... with a slug dart
             ... on level 1 of the Dungeon.
             The game lasted 00:01:49 (173 turns).

billybob123456 the Grave Robber (DsNe)               Turns: 173, Time: 00:01:50

Health: 0/13       AC:  2    Str:  8    XL:     1   Next: 41%
Magic:  1/3        EV: 12    Int: 16    God:
Gold:   0          SH:  0    Dex: 13    Spells: 3/4 levels left

rFire   . . .      SeeInvis .   d - +0 short sword
rCold   . . .      Faith    .   (no shield)
rNeg    . . .      Spirit   .   a - +0 robe
rPois   .          Reflect  .   (no helmet)
rElec   .          Harm     .   (no cloak)
rCorr   .          Rampage  .   (no gloves)
Will    .....                   (no boots)
Stlth   ++........              (no amulet)
HPRegen 0.04/turn               (no ring)
MPRegen 0.08/turn               (no ring)

@: no status effects
A: no striking features
a: no special abilities


You were on level 1 of the Dungeon.
You visited 1 branch of the dungeon, and saw 1 of its levels.

Inventory:

Hand Weapons
 d - a +0 short sword (weapon)
Missiles
 e - a throwing net
Armour
 a - a +0 robe (worn)
Potions
 b - a potion of magic
 c - a potion of invisibility {unknown}


   Skills:
 + Level 1.8 Dodging
 + Level 1.8 Stealth
 + Level 2.0 Spellcasting
 + Level 4.4 Necromancy


You had 3 spell levels left.
You knew the following spells:

 Your Spells              Type           Power      Damage    Failure   Level
a - Necrotise             Necr           60%        1d7       3%          1

Your spell library contained the following spells:

 Spells                   Type           Power      Damage    Failure   Level
 Vampiric Draining        Necr           15%        2d7       10%         3
 Animate Dead             Necr           15%        N/A       32%         4
 Agony                    Necr           15%        N/A       67%         5


Dungeon Overview and Level Annotations

Branches:
Dungeon (1/15)

Altars:

Shops:
D:1 [


Message History

Confirm with . or Enter, or press ? or * to list all spells.
Aiming: Necrotise (safe; 3% risk of failure)
Press: ? - help, Shift-Dir - straight line, f/p - ball python
Aim: a ball python (moderately wounded, constricting you, chance to affect: 85%)
The ball python writhes in agony.
You kill the ball python!
The dead are slithering!
The dart slug closely misses your goblin skeleton.
Your goblin skeleton hits the dart slug.
The frilled lizard bites you but does no damage.
You swap places.
Your goblin skeleton hits the dart slug.
The dart slug launches a dart at you.
The slug dart hits your goblin skeleton.
The frilled lizard bites your ball python skeleton.
Your ball python skeleton misses the frilled lizard.
Your ball python skeleton grabs the frilled lizard.
Your ball python skeleton constricts the frilled lizard.
The frilled lizard bites your ball python skeleton.
Your ball python skeleton bites the frilled lizard.
The frilled lizard dies!
Your goblin skeleton hits the dart slug.
Unknown command.
The dart slug launches a dart at you.
The slug dart hits your goblin skeleton.
Your goblin skeleton is destroyed!
Your ball python skeleton bites the dart slug.
Your ball python skeleton grabs the dart slug.
Your ball python skeleton constricts the dart slug.
Casting: Necrotise (safe; 3% risk of failure)
Confirm with . or Enter, or press ? or * to list all spells.
Okay, then.
Sorry, you're not good enough to have a special ability.
Your ball python skeleton bites the dart slug.
Your ball python skeleton constricts the dart slug.
The dart slug bites your ball python skeleton.
Your ball python skeleton is destroyed!
The dart slug launches a dart at you. The slug dart hits you.
You die...

##.#.#......## #............#
##...........##
##......####P.#
...###.####..###.?.....#P...##
.?.. #.#####.....#....#P.##P#
. #$.........###...###.###
####...###.# ##.##P...P##
......#...#.## ###..P~P..#
##...........# #P..P~P..P#
#.........@.#####P.[...P##
.............#...###♣_♣###
.##.....[.......)..####
..≈≈≈................
##≈≈≈≈≈.......w.......
≈∩≈≈...............
~?≈≈...............
~.~#####.........>. .#
#..........$


You could see a dart slug.

Vanquished Creatures
  A goblin (D:1)
  A ball python (D:1)
  A rat (D:1)
3 creatures vanquished.

Vanquished Creatures (collateral kills)
  A frilled lizard (D:1)
1 creature vanquished.

Vanquished Creatures (others)
  2 plants (D:1)
2 creatures vanquished.

Grand Total: 6 creatures vanquished

Notes
Turn   | Place    | Note
-------+----------+-------------------------------------------
     0 | D:1      | billybob123456 the Demonspawn Necromancer began the quest
                  | for the Orb.
     0 | D:1      | Reached XP level 1. HP: 13/13 MP: 3/3
   126 | D:1      | Found a faded altar of an unknown god.
   151 | D:1      | Found Igeqes's Armour Emporium.
   173 | D:1      | Killed from afar by a dart slug

Illustrated notes

Levels and vault maps discovered:
D:1:      psy_arrival_fountain, layout_rooms, serial_shops,
          nicolae_shop_waterfront, dreamdust_ecumenical_altar_hidden_monk_grotto

Action                   || total
-------------------------++-------
Melee: Unarmed           ||     6
       Short sword       ||     5
 Cast: Necrotise         ||     4
Armor: Robe              ||     7
Dodge: Dodged            ||     7
